Map: Terrasses de Prion

Players

Sanjuantonio

  • Race: Zerg Zerg
  • League: Silver
  • Spawn Location: 5:00

zidar - Winner!

  • Race: Zerg Zerg
  • League: Silver
  • Spawn Location: 11:00

VOD

Have the link to the VOD?

Description

Time

  • Played on: Jan. 3, 2016, 10:50 a.m.
  • Length: 11:35
Show
View Real Time Build Order
Export as new Build Order

Sanjuantonio Zerg 

Build Orders: 1 Base Baneling Bust, Pool First 

Get SALT Encoding   

  12  0:01  Drone  
  13  0:08  Drone  
  14  0:17  Extractor  
  13  0:29  Spawning Pool  
  13  0:31  Drone  
  13  0:36  Drone  
  14  0:45  Overlord  
  14  0:56  Extractor, Drone  
  15  1:05  Drone  
  16  1:12  Drone  
  17  1:22  Queen  
  17  1:24  Metabolic Boost  
  19  1:31  Drone  
  20  1:38  Overlord  
  20  1:49  Drone  
  21  1:54  Baneling Nest  
  21  1:55  Zergling x2  
  21  1:58  Zergling x2  
  22  2:10  Zergling x2  
  23  2:19  Zergling x2  
  24  2:30  Zergling x2  
  24  2:31  Zergling x4  
  27  2:42  Zergling x2  
  26  3:05  Zergling x8  
  29  3:06  Baneling  
  29  3:07  Baneling x6  
  29  3:09  Zergling x2  
  30  3:21  Overlord  
  30  3:23  Hatchery  
  24  3:46  Drone x3  
  24  3:47  Drone x2  
  29  3:53  Roach Warren  
  28  4:05  Extractor  
  28  4:06  Zergling x2  
  28  4:19  Lair  
  28  4:34  Roach x3  
  28  4:37  Drone  
  35  4:42  Queen  
  37  4:51  Drone  
  38  4:53  Drone x3  
  41  5:06  Overlord  
  41  5:08  Drone x2  
  41  5:13  Ravager  
  44  5:18  Overlord  
  44  5:32  Roach x4  
  52  5:36  Spine Crawler  
  44  5:50  Zergling x4  
  44  5:52  Zergling x6  
  44  6:14  Roach x2  
  48  6:27  Drone  
  49  6:33  Tunneling Claws  
  49  6:36  Burrow  
  49  6:37  Roach x3  
  49  6:39  Roach, Queen  
  59  6:46  Extractor  
  57  6:51  Drone  
  57  6:54  Drone  
  59  7:00  Spore Crawler  
  58  7:02  Spore Crawler  
  58  7:07  Roach  
  59  7:13  Overlord  
  59  7:14  Overlord  
  59  7:30  Overlord x2  
  59  7:33  Roach  
  59  7:34  Roach  
  59  7:35  Zergling x4  
  65  7:43  Ravager x2  
  65  7:44  Ravager x4  
  71  8:00  Zergling x4  
  63  9:08  Drone x2  
  63  9:09  Drone x3  
  68  9:14  Roach x2  
  68  9:15  Roach  
  74  9:21  Drone  
  74  9:23  Hatchery  
  74  9:37  Hydralisk Den  
  73  9:46  Queen  
  73  9:49  Drone  
  73  9:50  Drone  
  73  9:52  Zergling x2  
  78  10:08  Roach x7  
  78  10:11  Hydralisk x5  
  78  10:12  Roach x3  
  88  10:20  Infestation Pit  
  85  10:33  Roach  
  87  10:39  Hydralisk  
  87  10:40  Hydralisk  
  87  10:42  Overlord x3  
  91  10:48  Overlord  
  91  10:49  Overlord x2  
  91  10:53  Hydralisk x7  
  91  10:58  Roach x11  
  79  11:19  Hatchery  
Show
View Real Time Build Order
Export as new Build Order

zidar Zerg - Winner!

Build Orders: Hatch First 

Get SALT Encoding   

  12  0:03  Drone  
  13  0:12  Overlord  
  13  0:23  Drone  
  14  0:30  Drone x2  
  14  0:35  Drone  
  17  0:55  Hatchery  
  16  0:59  Drone  
  17  1:15  Spawning Pool  
  17  1:16  Drone  
  17  1:19  Drone  
  18  1:37  Extractor  
  17  2:04  Queen  
  19  2:09  Queen  
  19  2:13  Zergling x4  
  19  2:14  Zergling x4  
  25  2:23  Spine Crawler  
  24  2:35  Roach Warren, Zergling x6  
  26  2:46  Overlord x2  
  26  2:52  Zergling x2  
  26  3:15  Roach  
  26  3:16  Roach x2  
  26  3:19  Metabolic Boost  
  26  3:51  Roach x4  
  34  4:00  Drone x2  
  36  4:21  Evolution Chamber  
  35  4:30  Roach  
  35  4:31  Roach x3  
  41  4:37  Drone  
  44  4:48  Overlord  
  44  5:10  Zerg Missile Weapons Level 1  
  44  5:15  Extractor  
  44  5:16  Drone x6  
  32  6:13  Roach  
  32  6:14  Roach x6  
  40  6:27  Drone x5  
  40  6:29  Drone x3  
  48  6:38  Lair  
  48  6:57  Roach x2  
  52  7:13  Extractor  
  51  7:17  Extractor  
  50  7:27  Drone x2  
  50  7:29  Overlord x2  
  52  7:30  Overlord  
  52  7:31  Overlord  
  52  8:00  Roach  
  52  8:01  Roach x12  
  78  8:20  Ravager  
  74  8:33  Ravager  
  64  8:56  Spine Crawler  
  63  9:03  Spine Crawler  
  64  9:10  Roach x11  
  84  9:28  Glial Reconstitution  
  84  9:36  Overlord x4  
  84  9:54  Ravager  
  84  9:55  Ravager  
  86  10:14  Zergling x26  
  87  10:15  Zergling x4  
  101  10:38  Zergling x10  
  101  10:41  Ravager  
Tags
 
Add a new tag
Caveats
  • Supply blocks, unpowered buildings, or Contaminate may cause inaccurate times.
  • Supply counts are checked every 10 seconds.